 Dungeon Crawl Stone Soup version 0.27.1-1-g398f81649c (webtiles) character file.

Game seed: 3628586740202331124

4904 Metae the Fighter (level 10, -2/91 HPs)
             Began as a Minotaur Fighter on Sept 19, 2021.
             Was a Believer of Makhleb.
             Slain by a deep troll (15 damage)
             ... on level 8 of the Dungeon.
             The game lasted 00:29:52 (7888 turns).

Metae the Fighter (Minotaur Fighter)                Turns: 7888, Time: 00:29:52

Health: -2/91      AC: 21    Str: 25    XL:     10   Next: 27%
Magic:  12/12      EV:  7    Int: 11    God:    Makhleb [**....]
Gold:   383        SH: 11    Dex:  9    Spells: 9/9 levels left

rFire    + . .     SeeInvis .   w - +2 flail (protect)
rCold    + . .     Faith    .   c - +0 kite shield
rNeg     . . .     Spirit   .   e - +0 chain mail
rPois    .         Reflect  .   (helmet restricted)
rElec    .         Harm     .   v - scarf {rC+ rF+}
rCorr    .         Rampage  .   k - +0 pair of gloves
Will     .....                  L - +0 pair of boots
Stlth    ..........             m - amulet of regeneration
HPRegen  1.25/turn              h - +6 ring of intelligence
MPRegen  0.13/turn              (no ring)

@: mighty, under a protective aura
A: horns 2, retaliatory headbutt
a: Renounce Religion, Minor Destruction


You were on level 8 of the Dungeon.
You worshipped Makhleb.
Makhleb was pleased with you.
You visited 1 branch of the dungeon, and saw 8 of its levels.
You also visited: Sewer.

You collected 383 gold pieces.

Inventory:

Hand Weapons
 a - a +0 trident
 w - a +2 flail of protection (weapon)
 y - a +4 flail
 C - a +1 spear of venom
Armour
 b - a +0 scale mail
 c - a +0 kite shield (worn)
 e - a +0 chain mail (worn)
 k - a +0 pair of gloves (worn)
 v - a scarf of resistance (worn)
 L - a +0 pair of boots (worn)
Jewellery
 h - a +6 ring of intelligence (left hand)
 m - an amulet of regeneration (around neck)
 u - an amulet of magic regeneration
 z - a ring of fire
 G - an amulet of guardian spirit
Wands
 x - a wand of iceblast (2)
 A - a wand of paralysis (3)
 B - a wand of digging (12)
 F - a wand of polymorph (5)
Scrolls
 g - a scroll of enchant weapon
 n - 2 scrolls of immolation
 o - 2 scrolls of enchant armour
 t - 2 scrolls of teleportation
 D - a scroll of blinking
 E - a scroll of amnesia
 H - a scroll of vulnerability {unknown}
 I - a scroll of torment
 J - a scroll of noise
Potions
 d - 2 potions of might
 f - 2 potions of mutation {unknown}
 i - a potion of attraction {unknown}
 j - a potion of heal wounds
 l - 3 potions of lignification {unknown}
 p - 3 potions of curing {unknown}
 q - 2 potions of brilliance {unknown}
 r - a potion of cancellation {unknown}
 s - 2 potions of haste {unknown}
 K - 3 potions of invisibility {unknown}


   Skills:
 + Level 9.0 Fighting
 + Level 6.3 Maces & Flails
 - Level 5.3 Polearms
 + Level 9.0 Armour
 + Level 9.0 Shields
 + Level 5.2 Invocations
 + Level 3.5 Evocations


You had 9 spell levels left.
You didn't know any spells.
Your spell library contained the following spells:

 Spells                   Type           Power      Damage    Failure   Level
 Magic Dart               Conj           0%         1d3       99%         1
 Call Imp                 Summ           0%         N/A       99%         2
 Corpse Rot               Necr/Air       N/A        N/A       99%         2
 Sublimation of Blood     Necr           0%         N/A       99%         2
 Wereblood                Tmut           0%         N/A       99%         2
 Inner Flame              Hex/Fire       0%         N/A       100%        3
 Mephitic Cloud           Conj/Pois/Air  0%         N/A       100%        3
 Cause Fear               Hex            0%         N/A       100%        4
 Dispel Undead            Necr           0%         3d6       100%        4
 Death Channel            Necr           0%         N/A       100%        6
 Summon Hydra             Summ           0%         N/A       100%        7
 Discord                  Hex            0%         N/A       100%        8


Dungeon Overview and Level Annotations

Branches:
Dungeon (8/15)             Temple (0/1) D:6           Sewer (visited)
   Lair: D:8-11

Altars:
Ashenzari
Makhleb
Nemelex Xobeh
Qazlal
Wu Jian

Shops:
D:2 ?   D:7 :

Annotations:
D:7 2 transporters, raph's ghost, novice DECj


Innate Abilities, Weirdness & Mutations

You have a pair of horns on your head.
You reflexively headbutt those who attack you in melee.


Message History

Aim: a deep troll (lightly wounded)
The puff of flame hits the deep troll.
The deep troll is lightly wounded.
The deep troll bites you! You block the deep troll's attack.
The deep troll claws you.
You thump the deep troll! Your headbutt misses the deep troll.
The deep troll is moderately wounded.
The deep troll bites you but does no damage.
The deep troll claws you. You block the deep troll's attack.
You barely miss the deep troll. You headbutt the deep troll!
The deep troll is moderately wounded.
You block the deep troll's attack.
The deep troll claws you but does no damage. x2
You thump the deep troll! You headbutt the deep troll!
The deep troll is almost dead.
The deep troll bites you! The deep troll claws you!
* * * LOW HITPOINT WARNING * * *
You block the deep troll's attack.
Your shield and chain mail prevent you from hitting the deep troll.
The deep troll is almost dead.
You block the deep troll's attack. x2; The deep troll claws you.
* * * LOW HITPOINT WARNING * * *
You hit the deep troll.
The deep troll is almost dead.
The deep troll bites you but does no damage.
The deep troll claws you but does no damage. x2
You block the deep troll's attack. The deep troll claws you.
* * * LOW HITPOINT WARNING * * *
The deep troll claws you!
* * * LOW HITPOINT WARNING * * *
You closely miss the deep troll. Your headbutt misses the deep troll.
The deep troll is almost dead.
The deep troll bites you.
* * * LOW HITPOINT WARNING * * *
The deep troll claws you but does no damage.
You block the deep troll's attack.
You closely miss the deep troll.
The deep troll is almost dead.
The deep troll bites you!
You die...

..†..## #.#
#.#
###...###.#
#.#
..........#
#.#
.##...#####
#.###
####...".#
#...#
#######
###.# #.#
#.# #@#
#..?....#T#
#...T.. #.#
...... #.#
.T.. ##.#
...##..#
#.##..##
#.#T.##
#.T.##


You could see a deep troll.

Vanquished Creatures
  2 two-headed ogres
  A deep troll (D:8)
  Grinder (D:3)
  A hornet (D:7)
  Purgy (Sewer)
  2 ice beasts
  2 black bears
  A necrophage (D:5)
  A centaur (D:5)
  A kobold brigand (D:7)
  2 bullfrogs (D:7)
  2 scorpions (D:5)
  A water moccasin skeleton (D:4)
  12 killer bees (D:8)
  3 wights (D:8)
  A howler monkey (D:8)
  A bullfrog zombie (D:5)
  A centaur zombie (D:5)
  4 orc priests
  A jelly (D:5)
  2 centaur skeletons (D:7)
  A gnoll shaman (D:7)
  7 hounds
  3 iguanas
  Jessica (D:3)
  3 orc wizards
  A howler monkey zombie (D:8)
  Robin (D:2)
  12 gnolls
  2 howler monkey skeletons
  7 adders
  2 white imps
  An adder skeleton (D:4)
  A worm (D:3)
  5 dart slugs
  19 orcs
  6 bats
  7 endoplasms
  4 giant cockroaches
  14 goblins
  9 hobgoblins
  2 jackals (D:1)
  9 quokkas
  12 ball pythons
  5 frilled lizards
  6 kobolds
  8 rats
191 creatures vanquished.

Notes
Turn   | Place    | Note
-------+----------+-------------------------------------------
     0 | D:1      | Metae the Minotaur Fighter began the quest for the Orb.
     0 | D:1      | Reached XP level 1. HP: 19/19 MP: 0/0
    43 | D:1      | Found a faded altar of an unknown god.
   159 | D:1      | Reached XP level 2. HP: 20/27 MP: 1/1
   804 | D:2      | Noticed Robin
   818 | D:2      | Reached XP level 3. HP: 26/33 MP: 2/2
  1289 | D:2      | Killed Robin
  1315 | D:2      | Reached XP level 4. HP: 20/41 MP: 3/3
  1381 | D:2      | Found Ynuet's Magic Scroll Shop.
  1597 | D:2      | Found a stormy altar of Qazlal.
  1979 | D:3      | Found a burning altar of Makhleb.
  1979 | D:3      | Found an ornate altar of the Wu Jian Council.
  2149 | D:3      | Noticed Jessica
  2171 | D:3      | Killed Jessica
  2181 | D:3      | Reached XP level 5. HP: 41/47 MP: 4/4
  2439 | D:3      | Found a broken altar of Ashenzari.
  2439 | D:3      | Noticed Grinder
  2470 | D:3      | Paralysed by Grinder for 3 turns
  2481 | D:3      | Killed Grinder
  2482 | D:3      | Reached skill level 5 in Fighting
  2482 | D:3      | Reached skill level 5 in Armour
  2482 | D:3      | Reached skill level 5 in Shields
  2482 | D:3      | Reached XP level 6. HP: 12/56 MP: 5/5
  3273 | D:3      | Became a worshipper of Makhleb the Destroyer
  3471 | D:4      | Found a glowing drain.
  3498 | Sewer    | Entered a sewer
  3558 | Sewer    | Noticed Purgy
  3577 | Sewer    | Killed Purgy
  3578 | Sewer    | Reached skill level 5 in Polearms
  3578 | Sewer    | Reached XP level 7. HP: 52/62 MP: 6/6
  4116 | D:4      | Reached * piety under Makhleb
  4258 | D:5      | Entered Level 5 of the Dungeon
  4433 | D:5      | Reached skill level 1 in Maces & Flails
  4439 | D:5      | Reached skill level 1 in Invocations
  4712 | D:5      | Reached XP level 8. HP: 71/71 MP: 8/8
  4892 | D:5      | Found a sparkling altar of Nemelex Xobeh.
  5374 | D:6      | Reached ** piety under Makhleb
  5855 | D:6      | Found a staircase to the Ecumenical Temple.
  6116 | D:7      | Reached XP level 9. HP: 67/79 MP: 10/10
  6372 | D:7      | Noticed a two-headed ogre
  6381 | D:7      | HP: 3/79 [two-headed ogre (12)]
  6384 | D:7      | Killed a two-headed ogre
  6385 | D:7      | Reached skill level 1 in Evocations
  6616 | D:7      | Found Ahoir's Book Boutique.
  6664 | D:7      | Found a transporter.
  6809 | D:7      | Found a transporter.
  6810 | D:7      | Noticed raph's ghost (novice DECj)
  6845 | D:7      | Reached skill level 5 in Maces & Flails
  7178 | D:8      | Paralysed by a hornet for 1 turns
  7180 | D:8      | Paralysed by a hornet for 1 turns
  7189 | D:7      | Paralysed by a hornet for 2 turns
  7190 | D:7      | HP: 4/81 [hornet (8)]
  7727 | D:8      | Noticed a two-headed ogre
  7735 | D:8      | Killed a two-headed ogre
  7736 | D:8      | Reached skill level 5 in Invocations
  7736 | D:8      | Reached XP level 10. HP: 64/90 MP: 12/12
  7861 | D:8      | Noticed a deep troll
  7861 | D:8      | Noticed a deep troll
  7862 | D:8      | Noticed a deep troll
  7880 | D:8      | Killed a deep troll
  7888 | D:8      | Slain by a deep troll

Illustrated notes

Levels and vault maps discovered:
D:1:      onia_arrival_mini_maze, layout_rooms, basic_ecumenical_altar
D:2:      layout_basic, serial_shops, shop, basic_altar,
          kennysheep_generic_room_13, uniq_robin
D:3:      layout_loops_ring, jmf_multi_god_temple, cheibrodos_ashenzari_chains,
          minmay_misc_feat_five, uniq_jessica, uniq_grinder
D:4:      layout_basic, gup_sewer_entry_pipe
D:5:      minmay_inner_zag, layout_gridville, nemelex_xobeh_ov_fountains_minmay,
          st_stairs_14
D:6:      layout_rooms, minmay_temple_entry_nine_rooms
D:7:      layout_basic, gammafunk_ghost_mausoleum, nicolae_inconvenience_store,
          kennysheep_potato
D:8:      layout_loops_ring, hellmonk_guarded_unrand_vitality_bloodlust

Skill      XL: |  1  2  3  4  5  6  7  8  9 10 |
---------------+-------------------------------+-----
Fighting       | 4 5 6 7 8 9 |  9.0
Armour         | 4 5 6 7 8 9 |  9.0
Shields        | 4 5 6 7 8 9 |  9.0
Polearms       | 3 4 5 |  5.3
Maces & Flails | 2 4 6 |  6.3
Invocations    | 1 3 5 |  5.2
Evocations     | 3 |  3.5

Action                   |  1- 3 |  4- 6 |  7- 9 | 10-12 || total
-------------------------+-------+-------+-------+-------++-------
Melee: Trident           |   101 |   186 |    38 |       ||   325
       Headbutt          |    14 |    24 |    63 |     4 ||   105
       Flail             |       |       |   316 |    11 ||   327
Invok: Minor Destruction |       |       |     4 |     1 ||     5
Evoke: Wand              |       |       |     5 |     1 ||     6
  Use: Scroll            |       |       |     8 |       ||     8
       Potion            |       |       |     3 |     1 ||     4
Armor: Scale mail        |    70 |    71 |   256 |       ||   397
       Skin              |       |     2 |       |       ||     2
       Chain mail        |       |       |     1 |    12 ||    13
Dodge: Dodged            |    38 |    59 |   167 |       ||   264
Block: Kite shield       |    62 |    96 |   304 |    14 ||   476
